 Dungeon Crawl Stone Soup version bcrawl-1.19.2-6-g6a88ae04c9 (webtiles) character file.

Game seed: 9869381918597320004

40 Mrkan the Shield-Bearer (level 3, -2/23 HPs)
             Began as a Skeleton Fighter on Dec 29, 2019.
             Slain by a bullfrog skeleton (7 damage)
             ... on level 2 of the Dungeon.
             The game lasted 00:02:13 (1139 turns).

Mrkan the Shield-Bearer (Skeleton Fighter)          Turns: 1139, Time: 00:02:14

Health: -2/23      AC:  6    Str: 21 (22) XL:     3   Next: 30%
Magic:  0/3        EV:  8    Int:  6 (7)  God:
Gold:   65         SH:  9    Dex:  8      Spells: 2/2 levels left

rFire    . . .     SeeInvis .   a - +0 flail
rCold    + . .     Gourm    .   c - +0 shield
rNeg     + + +     Faith    .   b - +0 scale mail
rPois    ∞         Spirit   +   (no helmet)
rElec    .         Reflect  .   (no cloak)
rCorr    .         Harm     .   (no gloves)
MR       .....                  (no boots)
Stlth    ..........             (no amulet)
HPRegen  0.07/turn              (no ring)
MPRegen  0.08/turn              (no ring)

@: no status effects
A: no food or potions, cold resistance 1, deterioration 1, negative energy
resistance 3, torment resistance, unbreathing, magic shield, sturdy frame 1,
spell healing
a: no special abilities


You were on level 2 of the Dungeon.
You were not hungry.

You visited 1 branch of the dungeon, and saw 2 of its levels.

You collected 65 gold pieces.

Inventory:

Hand Weapons
 a - a +0 flail (weapon)
Armour
 b - a +0 scale mail (worn)
 c - a +0 shield (worn)
Jewellery
 g - an uncursed amulet of faith {unknown}
Scrolls
 d - 4 scrolls of teleportation {unknown}
 e - a scroll of identify {unknown}
 f - a scroll of enchant weapon {unknown}


   Skills:
 + Level 3.3 Fighting
 * Level 3.4 Maces & Flails
 + Level 3.6 Armour
 + Level 4.0 Shields


You had 2 spell levels left.
You didn't know any spells.
Your spell library was empty.

Dungeon Overview and Level Annotations

Branches:
Dungeon (2/12)

Altars:


Innate Abilities, Weirdness & Mutations

You do not eat or drink.
You are immune to poison.
Your flesh is cold resistant. (rC+)
Your body sometimes deteriorates upon taking damage.
You are immune to negative energy. (rN+++)
You are immune to unholy pain and torment.
You can survive without breathing.
When hurt, damage is shared between your health and your magic reserves.
Your movements are slightly less encumbered by armour. (ER -2)
Casting spells heals you.


Message History

The bullfrog skeleton is severely damaged.
The bullfrog skeleton closely misses you.
The bullfrog skeleton hits you.
* * * LOW HITPOINT WARNING * * *
You barely miss the bullfrog skeleton.
The bullfrog skeleton is severely damaged.
The bullfrog skeleton hits you but does no damage.
The bullfrog skeleton hits you.
* * * LOW HITPOINT WARNING * * *
You barely miss the bullfrog skeleton.
The bullfrog skeleton is severely damaged.
The bullfrog skeleton hits you but does no damage.
You hit the bullfrog skeleton.
The bullfrog skeleton is almost destroyed.
You block the bullfrog skeleton's attack. x2
You barely miss the bullfrog skeleton.
The bullfrog skeleton is almost destroyed.
The bullfrog skeleton hits you but does no damage.
The bullfrog skeleton hits you!
You die...

...#...
.$.#((
#.(###
#....
#...# ...
#Z# #@#.#
#.#.#
#.#.#
#.#.#
#.#.#
#.#.######
#...#....#
##.......#
##......#


You could see 2 dancing weapons and a bullfrog skeleton.

Vanquished Creatures
  A dart slug (D:1)
  2 leopard geckos
  4 bats (D:1)
  3 giant cockroaches (D:1)
  3 hobgoblins (D:1)
  4 jackals (D:1)
  5 kobolds (D:1)
  A frilled lizard (D:1)
  6 goblins
  3 rats
32 creatures vanquished.

Notes
Turn   | Place    | Note
-------+----------+-------------------------------------------
     0 | D:1      | Mrkan the Skeleton Fighter began the quest for the Orb.
     0 | D:1      | Reached XP level 1. HP: 14/14 MP: 1/1
   318 | D:1      | Reached XP level 2. HP: 13/19 MP: 0/2
   667 | D:1      | Reached skill level 4 in Shields
   746 | D:1      | Reached XP level 3. HP: 23/23 MP: 3/3
  1118 | D:2      | Noticed a -2 hand axe
  1118 | D:2      | Noticed a +0 dagger
  1139 | D:2      | Slain by a bullfrog skeleton

Skill      XL: |  1  2 |
---------------+-------+-----
Maces & Flails | 3 |  3.4
Shields        | 4 |  4.0
Fighting       | |  3.3
Armour         | |  3.6

Action                   || total
-------------------------++-------
Melee: Flail             ||   128
Armor: Scale mail        ||    64
Dodge: Dodged            ||    52
Block: Shield            ||    80
